 Dungeon Crawl Stone Soup version 0.18-a0-1685-g4482fe3 (webtiles) character file.

5593 Ijustatesigmund the Unseen (level 10, -9/67 HPs)
             Began as an Octopode Assassin on Apr 4, 2016.
             Was a High Priest of Cheibriados.
             Mangled by Maud
             ... wielding a +0 long sword of electrocution
              (24 damage)
             ... on level 10 of the Dungeon.
             The game lasted 01:35:59 (11389 turns).

Ijustatesigmund the Unseen (Octopode Assassin)     Turns: 11389, Time: 01:36:00

Health: -9/67      AC:  4    Str: 27    XL:     10   Next: 72%
Magic:  11/11      EV: 21    Int: 26    God:    Cheibriados [*****.]
Gold:   627        SH:  0    Dex: 29    Spells: 2 memorised, 5 levels left

rFire  . . .     SeeInvis .     a - +2 dagger
rCold  . . .     Gourm    .     (no shield)
rNeg   + . .     Faith    .     (helmet restricted)
rPois  .         Spirit   .     (no amulet)
rElec  .         Dismiss  .     t - ring of positive energy
rCorr  .         Reflect  .     z - +2 ring of evasion
SustAt .         Harm     .     G - +3 ring of protection
MR     .....                    (no ring)
Stlth  +++++++++.               (no ring)
                                (no ring)
                                (no ring)
                                (no ring)

@: mighty, studying Stealth, very slow, not resistant to hostile enchantments,
incredibly stealthy
A: almost no armour, amphibious, 8 rings, constrict 8, camouflage 1, gelatinous
body 1
a: Bend Time, Temporal Distortion, Slouch, Step From Time, Renounce Religion


You were on level 10 of the Dungeon.
You worshipped Cheibriados.
Cheibriados was extremely pleased with you.
You were not hungry.

You visited 2 branches of the dungeon, and saw 11 of its levels.
You also visited: Sewer.

You collected 627 gold pieces.

Inventory:

Hand Weapons
 a - a +2 dagger (weapon)
 b - a +2 blowgun
Missiles
 c - 7 poisoned needles
 d - 7 curare-tipped needles
 e - 10 tomahawks (quivered)
Jewellery
 t - a ring of positive energy (left tentacle)
 y - an uncursed amulet of dismissal
 z - a +2 ring of evasion (right tentacle)
 G - a +3 ring of protection (on tentacle)
Wands
 A - a wand of paralysis (10/24)
 E - a wand of disintegration (8/24)
Scrolls
 i - a scroll of recharging
 k - 8 scrolls of remove curse
 F - a scroll of fog
Potions
 j - a potion of curing
 o - a potion of brilliance
 p - 3 potions of cancellation
 q - 2 potions of mutation
 r - 3 potions of flight
 s - a potion of resistance
 u - 2 potions of degeneration {unknown}
 x - a potion of berserk rage {unknown}
Books
 h - a book of Conjurations

   Spells                             Type                      Level
   a - Magic Dart                     Conjuration                  1
   b - Searing Ray                    Conjuration                  2
   c - Dazzling Spray                 Conjuration/Hexes            3
   d - Fulminant Prism                Conjuration/Hexes            4
   e - Iskenderun's Mystic Blast      Conjuration                  4
   f - Iskenderun's Battlesphere      Conjuration/Charms           5
 l - a manual of Stealth
 n - a book of Frost

   Spells                             Type                      Level
   a - Freeze                         Ice                          1
   b - Throw Frost                    Conjuration/Ice              2
   c - Ozocubu's Armour               Charms/Ice                   3
   d - Throw Icicle                   Conjuration/Ice              4
   e - Summon Ice Beast               Ice/Summoning                4
 v - a book of Geomancy

   Spells                             Type                      Level
   a - Sandblast                      Earth                        1
   b - Passwall                       Transmutation/Earth          2
   c - Stone Arrow                    Conjuration/Earth            3
   d - Petrify                        Transmutation/Earth          4
   e - Lee's Rapid Deconstruction     Earth                        5
Miscellaneous
 D - a fan of gales
Comestibles
 f - 7 bread rations
 g - 4 meat rations
 m - 3 fruits
 B - 8 slices of pizza


   Skills:
 + Level 5.6 Fighting
 + Level 8.2 Short Blades
 - Level 5.0 Throwing
 - Level 6.0 Dodging
 + Level 15.0 Stealth
 - Level 3.0 Conjurations
 - Level 3.2 Hexes
 - Level 2.0 Invocations


You had 5 spell levels left.
You knew the following spells:

 Your Spells              Type           Power        Failure   Level  Hunger
a - Freeze                Ice            #...         14%         1    ##.....
b - Dazzling Spray        Conj/Hex       ###.....     12%         3    ####...


Dungeon Overview and Level Annotations

Branches:
Dungeon (10/15)            Temple (1/1) D:5
   Lair: D:8-11         Orc: D:9-12

Altars:
Ashenzari
Cheibriados
Dithmenos
Elyvilon
Fedhas
Gozag
Kikubaaqudgha
Makhleb
Nemelex Xobeh
Okawaru
Pakellas
Qazlal
Ru
Sif Muna
Trog
Vehumet
Xom
Yredelemnul

Shops:
D:10 (

Annotations:
D:4 feelmyfire's ghost, amateur MiFi
D:10 Maud


Innate Abilities, Weirdness & Mutations

You cannot wear most types of armour.
You are amphibious.
You can wear up to eight rings at the same time.
You can use your tentacles to constrict eight enemies at once.
Your skin changes colour to match your surroundings (Stealth).
Your rubbery body absorbs attacks (AC +1).


Message History

You are electrocuted!
Read which item? (? for menu, Esc to quit)
Okay, then.
Drink which item? (? for menu, Esc to quit)
You feel very mighty all of a sudden.
You constrict Maud, but do no damage. The hippogriff bites you.
The hippogriff barely misses you. The hippogriff claws you.
* * * LOW HITPOINT WARNING * * *
Maud hits you with a long sword of electrocution.
* * * LOW HITPOINT WARNING * * *
You puncture Maud! You squeeze Maud!
Maud is moderately wounded.
You constrict Maud. The hippogriff barely misses you.
The hippogriff completely misses you.
The hippogriff claws you but does no damage.
You completely miss Maud.
Maud is moderately wounded.
You constrict Maud.
Maud hits you with a long sword of electrocution!!
You die...

.##.#.#.......#
.##.#.#.......#
.##†'.........#
.##)#...#'##### ##
.##)#.#.#....# ...
###)#...#....# ....
..#.#...#....# .....
..###...########+#......
................@@.#
#..#..#..##..#..#H......
........................
########################


You could see Maud and a hippogriff.

Vanquished Creatures
  A hill giant (D:10)
  2 trolls
  Sigmund (D:2)
  A shadow (D:9)
  A wyvern (D:8)
  A human (D:8)
  A yak (D:8)
  A hippogriff (D:9)
  3 ice beasts
  3 orc warriors
  2 sky beasts
  A black bear (D:7)
  7 ogres
  3 centaurs
  3 giant frogs
  A scorpion (D:9)
  6 crimson imps
  A centaur zombie (D:8)
  3 jellies
  A giant frog zombie (D:7)
  6 orc priests
  A centaur skeleton (D:5)
  3 hounds
  A giant frog skeleton (D:9)
  Terence (D:2)
  An iguana (D:6)
  15 orc wizards
  8 worker ants
  A killer bee zombie (D:9)
  3 sheep (D:8)
  A worker ant zombie (D:5)
  3 gnolls (D:5)
  20 adders
  A shadow imp (D:6)
  3 oozes (Sewer)
  3 adder skeletons
  An adder zombie (D:8)
  7 worms
  A dart slug (D:1)
  5 giant geckos
  46 orcs
  A ball python (D:2)
  17 bats
  12 giant cockroaches
  2 goblins
  6 hobgoblins
  20 jackals
  3 quokkas
  6 giant newts
  A jackal zombie (D:5)
  12 kobolds
  A quokka skeleton (D:8)
  7 rats
262 creatures vanquished.

Notes
Turn   | Place    | Note
--------------------------------------------------------------
     0 | D:1      | Ijustatesigmund the Octopode Assassin began the quest for the Orb.
     0 | D:1      | Reached XP level 1. HP: 14/14 MP: 1/1
   166 | D:1      | Reached XP level 2. HP: 17/19 MP: 2/2
   573 | D:1      | Reached XP level 3. HP: 20/24 MP: 3/3
   698 | D:2      | Learned a level 1 spell: Freeze
   797 | D:2      | Reached skill level 6 in Stealth
   817 | D:2      | Noticed Sigmund
   826 | D:2      | Killed Sigmund
   826 | D:2      | Reached skill level 7 in Stealth
   826 | D:2      | Reached XP level 4. HP: 20/29 MP: 2/4
   826 | D:2      | Reached XP level 5. HP: 23/34 MP: 2/5
   952 | D:2      | Noticed Terence
   965 | D:2      | Killed Terence
   967 | D:2      | Reached XP level 6. HP: 32/39 MP: 6/6
  1303 | D:3      | Found a shadowy altar of Dithmenos.
  2306 | D:4      | Noticed feelmyfire's ghost (amateur MiFi)
  2308 | D:4      | Found a sacrificial altar of Ru.
  2389 | D:4      | Found a glowing drain.
  2398 | Sewer    | Entered a sewer
  2935 | D:5      | Entered Level 5 of the Dungeon
  2943 | D:5      | Reached XP level 7. HP: 18/46 MP: 7/7
  3355 | D:5      | Found a staircase to the Ecumenical Temple.
  3371 | Temple   | Entered the Ecumenical Temple
  3498 | Temple   | Became a worshipper of Cheibriados the Contemplative
  3704 | D:5      | Found a shadowy altar of Dithmenos.
  3704 | D:5      | Found a radiant altar of Vehumet.
  3754 | D:5      | Reached skill level 8 in Stealth
  4101 | D:5      | Reached skill level 1 in Invocations
  4106 | D:5      | Reached * piety under Cheibriados
  4904 | D:5      | Reached XP level 8. HP: 54/54 MP: 9/9
  5638 | D:6      | Reached skill level 5 in Short Blades
  5638 | D:6      | Reached skill level 9 in Stealth
  5648 | D:6      | Identified a scroll of acquirement
  5836 | D:6      | Reached ** piety under Cheibriados
  6478 | D:3      | Reached skill level 5 in Throwing
  6954 | D:4      | Reached skill level 10 in Stealth
  7476 | D:8      | Reached XP level 9. HP: 33/58 MP: 10/10
  7791 | D:8      | Reached skill level 11 in Stealth
  7992 | D:8      | Reached *** piety under Cheibriados
  8185 | D:8      | Reached skill level 5 in Dodging
  8185 | D:8      | Reached skill level 12 in Stealth
  9134 | D:8      | Reached skill level 13 in Stealth
  9665 | D:8      | Reached **** piety under Cheibriados
  9715 | D:8      | Learned a level 3 spell: Dazzling Spray
  9999 | D:8      | Reached skill level 1 in Conjurations
 10016 | D:8      | Reached skill level 1 in Hexes
 10016 | D:8      | Reached XP level 10. HP: 62/65 MP: 11/11
 10304 | D:9      | Reached skill level 14 in Stealth
 10646 | D:9      | Reached ***** piety under Cheibriados
 11112 | D:10     | Entered Level 10 of the Dungeon
 11189 | D:10     | Reached skill level 5 in Fighting
 11218 | D:10     | Found Ovinuq's Antique Weapon Boutique.
 11220 | D:10     | Noticed a hill giant
 11227 | D:10     | Killed a hill giant
 11337 | D:10     | Reached skill level 15 in Stealth
 11376 | D:10     | Noticed Maud
 11389 | D:10     | Mangled by Maud

Vault maps used:
D:1:      nicolae_arrival_somewhat_less_tricky_arrival
D:2:      uniq_terence, uniq_sigmund
D:3:      grunt_dithmenos_smoke_and_mirrors
D:4:      first_bread, gup_sewer_entry_bubbles, nicolae_ru_sacrificial_ziggurat
D:5:      gammafunk_temple_overflow_pools, temple_hall, nicolae_zen_rock_garden
D:7:      old_standard_altar, nicolae_tso_swordbearing_angel
D:8:      grunt_livestock, serial_bayou_pond_e, kennysheep_generic_room_16
D:10:     serial_shops, shop_fountains, uniq_maud
Temple:   nicolae_temple_elliptical
Sewer:    sewer_fruit_machine

Skill      XL: |  1  2  3  4  5  6  7  8  9 10 |
---------------+-------------------------------+-----
Stealth        | 7 8 10 13 15 | 15.0
Short Blades   | 3 4 5 7 8 |  8.2
Throwing       | 3 4 5 |  5.0
Fighting       | 3 4 5 |  5.6
Dodging        | 2 3 4 6 |  6.0
Invocations    | 2 |  2.0
Conjurations   | 1 3 |  3.0
Hexes          | 1 3 |  3.2

Action                   |  1- 3 |  4- 6 |  7- 9 | 10-12 || total
-------------------------+-------+-------+-------+-------++-------
Melee: Dagger            |    48 |   139 |   341 |   111 ||   639
 Fire: Blowgun           |     2 |       |     6 |       ||     8
Throw: Tomahawk          |       |       |    15 |     2 ||    17
 Cast: Freeze            |       |       |     2 |       ||     2
Evoke: Wand              |       |       |       |     3 ||     3
  Use: Scroll            |       |    15 |     7 |     3 ||    25
       Potion            |       |     3 |     8 |     3 ||    14
 Stab: Sleeping          |    12 |    33 |    22 |    22 ||    89
       Invisible         |       |       |     2 |       ||     2
       Distracted        |       |       |     3 |     2 ||     5
  Eat: Chunk             |       |     5 |     7 |     1 ||    13
       Fruit             |       |     2 |     1 |       ||     3
       Beef jerky        |       |     1 |       |     2 ||     3
       Royal jelly       |       |       |     1 |       ||     1
